 Dungeon Crawl Stone Soup version 0.24.1-4-ge52af88ad5 (webtiles) character file.

Game seed: 1398515707164102047, levelgen mode: deterministic

53 Gruesph the Insei (level 3, -9/28 HPs)
             Began as a Draconian Transmuter on Apr 16, 2020.
             Killed by divine providence
             ... invoked by an orc priest
              (12 damage)
             ... on level 2 of the Dungeon.
             The game lasted 00:05:17 (1597 turns).

Gruesph the Insei (Draconian Transmuter)            Turns: 1597, Time: 00:05:17

Health: -9/28      AC:  7    Str: 12    XL:     3   Next: 64%
Magic:  5/6        EV: 12    Int: 13    God:
Gold:   89         SH:  0    Dex: 12    Spells: 0/6 levels left

rFire    . . .     SeeInvis .     - Unarmed
rCold    . . .     Gourm    .   (no shield)
rNeg     . . .     Faith    .   (armour unavailable)
rPois    .         Spirit   .   (helmet restricted)
rElec    .         Reflect  .   c - +0 cloak
rCorr    .         Harm     .   j - +0 pair of gloves
MR       .....                  (no boots)
Stlth    +.........             (no amulet)
HPRegen  0.09/turn              (no ring)
MPRegen  0.10/turn              (no ring)

@: lightly drained
A: unfitting armour, cold-blooded, AC +5
a: no special abilities


You were on level 2 of the Dungeon.
You were not hungry.

You visited 1 branch of the dungeon, and saw 2 of its levels.

You collected 89 gold pieces.

Inventory:

Missiles
 a - 10 arrows
 i - 27 stones (quivered)
 k - a throwing net
Armour
 c - a +0 cloak (worn)
 j - a +0 pair of gloves (worn)
Scrolls
 d - 4 scrolls of identify {unknown}
 e - a scroll of amnesia {unknown}
 h - a scroll of teleportation {unknown}
Potions
 b - a potion of degeneration {unknown}
 g - a potion of berserk rage {unknown}
 l - a potion of magic {unknown}
 m - 2 potions of brilliance {unknown}
Comestibles
 f - 6 rations


   Skills:
 - Level 1.1(0.6) Fighting
 - Level 1.7(1.3) Dodging
 + Level 4.5(4.0) Unarmed Combat
 - Level 2.0(1.5) Spellcasting
 - Level 2.0(1.5) Transmutations
 + Level 1.0(0.5) Poison Magic


You couldn't memorise any spells.
You knew the following spells:

 Your Spells              Type           Power        Failure   Level  Hunger
a - Beastly Appendage     Tmut           #.....       14%         1    ##.....
b - Sticks to Snakes      Tmut           #.......     22%         2    ###....
c - Spider Form           Tmut/Pois      #.........   45%         3    ####...

Your spell library contained the following spells:

 Spells                   Type           Power        Failure   Level  Hunger
 Ice Form                 Ice/Tmut       #.......     89%         4    #####..
 Blade Hands              Tmut           #.........   98%         5    ######.


Dungeon Overview and Level Annotations

Branches:
Dungeon (2/15)

Altars:
The Shining One


Innate Abilities, Weirdness & Mutations

Your plain brown scales are hard. (AC +5)
You cannot fit into any form of body armour.
You are cold-blooded and may be slowed by cold attacks.


Message History

Your adder writhes in agony!
Your adder dies!
The orc priest barely misses you.
You hit the orc priest.
The orc priest is lightly wounded.
The orc priest hits you with a +0 dagger of draining.
* * * LOW HITPOINT WARNING * * *
You feel drained.
You closely miss the orc priest.
The orc priest is lightly wounded.
The orc priest hits you but does no damage.
You feel drained.
You hit the orc priest.
Your tail-slap misses the orc priest.
The orc priest is heavily wounded.
The orc priest barely misses you.
You hit the orc priest.
The orc priest is almost dead.
The orc priest invokes the aid of Beogh against you.
Beogh smites you!
You die...

#.# #.#.# #.# #.#.# #.#
#.#.# #.# #...# ######'####
######..# #.........#
.......... #....>....#
.......... #.........#
...<......
#........@#####...........
..........)o.............>.
###.....########...#####...
#...... .. #### #.....
#..... ##.


You could see an orc priest.

Vanquished Creatures
  An ooze (D:1)
  2 worms (D:2)
  2 dart slugs (D:1)
  A leopard gecko (D:1)
  2 orcs (D:2)
  4 bats
  5 giant cockroaches
  2 hobgoblins (D:1)
  4 kobolds
  2 frilled lizards
  4 goblins
  4 rats
33 creatures vanquished.

Vanquished Creatures (collateral kills)
  A bat (D:1)
1 creature vanquished.

Grand Total: 34 creatures vanquished

Notes
Turn   | Place    | Note
-------+----------+-------------------------------------------
     0 | D:1      | Gruesph the Draconian Transmuter began the quest for the
                  | Orb.
     0 | D:1      | Reached XP level 1. HP: 16/16 MP: 3/3
   138 | D:1      | Reached XP level 2. HP: 9/23 MP: 5/5
   142 | D:1      | Learned a level 2 spell: Sticks to Snakes
   442 | D:1      | Reached skill level 4 in Unarmed Combat
   869 | D:1      | Reached XP level 3. HP: 26/28 MP: 6/6
   874 | D:1      | Learned a level 3 spell: Spider Form
  1254 | D:2      | Found a glowing golden altar of the Shining One.
  1589 | D:2      | Reached skill level 1 in Poison Magic
  1597 | D:2      | Killed from afar by an orc priest

Levels and vault maps discovered:
D:1:      saegor_arrival_simple_e, layout_basic, kennysheep_nondescript,
          st_stairs_14, roderic_nine_men_s_morris, minivault_27, minmay_cut_off
D:2:      layout_basic, overflow_temple_1_default

Skill      XL: |  1  2  3 |
---------------+----------+-----
Unarmed Combat | 4 |  4.5
Poison Magic   | 1 |  1.0
Fighting       | |  1.1
Dodging        | |  1.7
Spellcasting   | |  2.0
Transmutations | |  2.0

Action                   || total
-------------------------++-------
Melee: Unarmed           ||   120
       Tailslap          ||     7
       Punch             ||     3
 Cast: Sticks to Snakes  ||     2
 Stab: Sleeping          ||     1
  Eat: Chunk             ||     2
Armor: Skin              ||    26
Dodge: Dodged            ||    64
